 Dungeon Crawl Stone Soup version 0.23.2-33-g5129a83 (webtiles) character file.

Game seed: 6157145604289950722

167636 HurktheDwarf the Minotaur Blade (level 17, -4/148 HPs)
             Began as a Minotaur Fighter on July 23, 2019.
             Was the Champion of Okawaru.
             Slain by an Ice Fiend (31 damage)
             ... summoned by a deep elf demonologist
             ... led by an ironheart preserver
             ... on level 14 of the Dungeon.
             The game lasted 03:35:36 (38669 turns).

HurktheDwarf the Minotaur Blade (Minotaur Fighter) Turns: 38669, Time: 03:35:37

Health: -4/148     AC: 19    Str: 27    XL:     17   Next: 7%
Magic:  24/24      EV: 10    Int:  5    God:    Okawaru [******]
Gold:   1626       SH:  0    Dex: 16    Spells: 16/16 levels left

rFire    + . .     SeeInvis +   c - +11 plutonium sword {*Contam Stlth-}
rCold    . . .     Gourm    .   (shield currently unavailable)
rNeg     . . .     Faith    +   S - +2 plate armour of Defence {+Inv rF+ Regen+ Str-3}
rPois    .         Spirit   .   j - +1 hat "Zotu" {Dex+7}
rElec    .         Reflect  .   s - +2 cloak {MR+}
rCorr    .         Harm     .   E - +2 pair of gloves
MR       ++...     Rnd*Rage +   P - +2 pair of boots
Stlth    ..........             W - amulet of faith
HPRegen  0.74/turn              b - ring of see invisible
MPRegen  0.19/turn              B - +3 ring of strength

@: confused, corroded, heavily drained
A: retaliatory headbutt, horns 2, berserk 1, clumsy 1, deformed body
}: 1/15 runes: decaying
a: Heroism, Finesse, Renounce Religion, Evoke Invisibility


You were on level 14 of the Dungeon.
You worshipped Okawaru.
Okawaru was exalted by your worship.
You were not hungry.

You visited 8 branches of the dungeon, and saw 31 of its levels.
You also visited: Bailey and Ice Cave.

You collected 2506 gold pieces.
You spent 880 gold pieces at shops.

Inventory:

Hand Weapons
 a - a +2 great sword of holy wrath
 c - the +11 plutonium sword (weapon) {*Contam Stlth-}
   (You acquired it on level 11 of the Dungeon)

   It causes magical contamination when unequipped.
   It makes you less stealthy.
 r - a +3 triple sword of flaming
 U - a +2 longbow of velocity
 Z - a +2 longbow of freezing
Missiles
 G - 582 arrows
Armour
 j - the +1 hat "Zotu" (worn) {Dex+7}
   (You acquired it on level 11 of the Dungeon)

   It affects your dexterity (+7).
 s - a +2 cloak of magic resistance (worn)
 C - a +2 shield of protection
 E - a +2 pair of gloves (worn)
 P - a +2 pair of boots (worn)
 S - the +2 plate armour of Defence (worn) {+Inv rF+ Regen+ Str-3}
   (Okawaru gifted it to you on level 6 of the Lair of Beasts)

   It affects your strength (-3).
   It protects you from fire.
   It lets you turn invisible.
   It increases your rate of regeneration.
Jewellery
 b - a ring of see invisible (left hand)
 g - an uncursed ring of protection from fire
 t - an uncursed amulet of the acrobat
 B - a +3 ring of strength (right hand)
 T - an uncursed ring of poison resistance
 W - an amulet of faith (around neck)
 X - a +2 amulet of reflection
Wands
 l - a wand of flame (10)
 A - a wand of paralysis (10)
 F - a wand of iceblast (34)
 H - a wand of digging (13)
Scrolls
 e - 2 scrolls of fog
 k - 21 scrolls of remove curse
 m - 9 scrolls of fear
 o - a scroll of enchant weapon
 q - 7 scrolls of magic mapping
 v - 12 scrolls of teleportation
 w - 4 scrolls of enchant armour
 x - a scroll of summoning {unknown}
 y - 10 scrolls of amnesia
 D - a scroll of holy word
 J - a scroll of silence {unknown}
 M - a scroll of blinking
 N - a scroll of vulnerability {unknown}
 R - a scroll of brand weapon
Potions
 d - 4 potions of might
 h - 2 potions of curing
 i - 3 potions of invisibility
 n - 3 potions of resistance
 p - 3 potions of agility
 u - 7 potions of flight
 z - 4 potions of ambrosia
 K - a potion of experience {unknown}
 O - a potion of berserk rage {unknown}
 Q - 7 potions of haste
 V - 7 potions of magic
Miscellaneous
 I - a sack of spiders
Comestibles
 f - 40 rations


   Skills:
 - Level 12.7(9.6) Fighting
 - Level 23.2(19.3) Long Blades
 * Level 11.5(8.5) Bows
 - Level 14.3(11.1) Armour
 - Level 7.2(4.5) Dodging
 - Level 3.6(1.1) Shields
 - Level 11.0(8.0) Invocations


You had 16 spell levels left.
You didn't know any spells.
Your spell library contained the following spells:

 Spells                   Type           Power        Failure   Level  Hunger
 Animate Skeleton         Necr           N/A          99%         1    ##.....
 Beastly Appendage        Tmut           #.....       99%         1    ##.....
 Freeze                   Ice            #...         99%         1    ##.....
 Infusion                 Chrm           #...         99%         1    ##.....
 Magic Dart               Conj           #...         99%         1    ##.....
 Pain                     Necr           #...         99%         1    ##.....
 Sting                    Conj/Pois      #...         99%         1    ##.....
 Poisonous Vapours        Pois/Air       #.....       100%        2    ###....
 Searing Ray              Conj           #.....       100%        2    ###....
 Shroud of Golubria       Chrm/Tloc      #.........   100%        2    ###....
 Song of Slaying          Chrm           #.......     100%        2    ###....
 Sticks to Snakes         Tmut           #.......     100%        2    ###....
 Throw Frost              Conj/Ice       #.....       100%        2    ###....
 Dazzling Spray           Conj/Hex       #.....       100%        3    ####...
 Mephitic Cloud           Conj/Pois/Air  #.......     100%        3    ####...
 Ozocubu's Armour         Chrm/Ice       #.......     100%        3    ####...
 Regeneration             Chrm/Necr      #.........   100%        3    ####...
 Spectral Weapon          Hex/Chrm       #.......     100%        3    ####...
 Spider Form              Tmut/Pois      #.........   100%        3    ####...
 Vampiric Draining        Necr           #.........   100%        3    ####...
 Animate Dead             Necr           N/A          100%        4    #####..
 Force Lance              Conj/Tloc      #.......     100%        4    #####..
 Fulminant Prism          Conj/Hex       #.........   100%        4    #####..
 Ice Form                 Ice/Tmut       #.......     100%        4    #####..
 Iskenderun's Mystic Bla  Conj           #.......     100%        4    #####..
 Olgreb's Toxic Radiance  Pois           #.......     100%        4    #####..
 Summon Ice Beast         Ice/Summ       #.......     100%        4    #####..
 Throw Icicle             Conj/Ice       #.......     100%        4    #####..
 Blade Hands              Tmut           #.........   100%        5    ######.
 Venom Bolt               Conj/Pois      #.........   100%        5    ######.


Dungeon Overview and Level Annotations

Branches:
Dungeon (15/15)            Temple (1/1) D:7            Lair (6/6) D:11
  Swamp (4/4) Lair:3       Spider (1/4) Lair:2        Slime (0/5) Lair:5
    Orc (2/2) D:9             Elf (0/3) Orc:2        Vaults (1/5) D:14
 Depths (1/5) D:15

Altars:
Ashenzari
Cheibriados
Dithmenos
Elyvilon
Fedhas
Gozag
Hepliaklqana
Kikubaaqudgha
Makhleb
Nemelex Xobeh
Okawaru
Qazlal
Ru
Sif Muna
Trog
Uskayaw
Vehumet
Wu Jian
Xom
Yredelemnul
Zin
The Shining One
Beogh
Jiyva

Shops:
Orc:1 ([*   Orc:2 =:=(

Annotations:
D:10 3 runed translucent doors, azarias's ghost, journeyman HaHu
Swamp:1 3 runed translucent doors, mortress's ghost, journeyman SpEn
Swamp:2 exclusion: Roxanne, Roxanne
Swamp:3 1 runed translucent door, MetaCosm's ghost, journeyman MiBe


Innate Abilities, Weirdness & Mutations

You reflexively headbutt those who attack you in melee.
You have a pair of horns on your head.
You tend to lose your temper in combat.
You are clumsy. (Dex -2)
Armour fits poorly on your strangely shaped body.


Message History

The iron shot hits you!
You hit the Ice Fiend but do no damage. You headbutt the Ice Fiend.
The Ice Fiend is lightly wounded.
The deep elf demonologist mumbles some strange words.
The ynoxinul hits you but does no damage.
You barely miss the rust devil. The Ice Fiend claws you.
The Ice Fiend freezes you!!
* * * LOW HITPOINT WARNING * * *
The Ice Fiend claws you but does no damage.
Okay, then.
You bump into the stone wall.
The deep elf demonologist hits you with a +2 long sword of draining.
* * * LOW HITPOINT WARNING * * *
You feel drained.
* * * LOW HITPOINT WARNING * * *
The ynoxinul barely misses you. The rust devil hits you.
The rust devil corrodes you! The Ice Fiend claws you!
* * * LOW HITPOINT WARNING * * *
The Ice Fiend freezes you!!
You die...

############...........#..#
##'#
#...................##.##
#...
#...................##..#
#...
#.........####.########.#
#... ####......# #.# #.#
#... #......# #.#
#####.###... #......# #.#
#......##... #......# ##3##
#.####[###'#
#......###@1.###.# #.###.#
#........4.e.....# #..##.#
####...###...##### #......
#...# ##[## #...... #...#
#.# #...... #...# #.#
#...... ##### #.# #?..... #
##.# #....>. ## #.!#
#......


You could see an Ice Fiend, a deep elf demonologist, a rust devil and a
ynoxinul.

Vanquished Creatures
  Rupert (D:15)
  Jorgrun (D:15)
  A titan (Vaults:1)
  An orc warlord (Orc:2)
  A vault warden (Vaults:1)
  Louise (Spider:1)
  A deep elf sorcerer (Vaults:1)
  Aizul (Swamp:3)
  An emperor scorpion (Spider:1)
  A very ugly thing (Swamp:3)
  2 ironheart preservers (Vaults:1)
  A spark wasp (Lair:2)
  An ettin (D:15)
  Snorg (Orc:2)
  A deep elf death mage (D:14)
  Harold (D:10)
  19 hydras
  A ghost crab (Swamp:2)
  6 vault guards (D:14)
  5 shambling mangroves
  3 catoblepae (Lair:6)
  A centaur warrior (D:15)
  2 ogre magi (D:15)
  8 two-headed ogres
  2 death knights
  4 orc high priests (Orc:2)
  15 alligators
  A tengu warrior (D:13)
  12 death yaks
  A fire crab (D:14)
  A spriggan druid (Swamp:3)
  An ironbrand convoker (Vaults:1)
  A deep elf archer (Vaults:1)
  8 swamp dragons
  5 unseen horrors
  5 orc knights
  3 phantasmal warriors
  A wolf spider zombie (D:15)
  7 manticores
  An orb spider (Spider:1)
  7 orc sorcerers
  A wolf spider (Spider:1)
  11 ugly things
  5 centaur zombies
  3 black mambas
  2 gargoyles
  16 spiny frogs
  A yaktaur (D:15)
  A redback zombie (D:14)
  3 freezing wraiths
  7 komodo dragons
  A kobold demonologist (D:15)
  2 rime drakes (Swamp:4)
  2 demonic crawlers (Spider:1)
  A tengu conjurer (D:13)
  A queen bee (D:10)
  2 jumping spiders (Lair:2)
  A wind drake (shapeshifter) (D:15)
  11 tyrant leeches
  17 slime creatures
  11 hornets
  12 trolls
  13 hippogriffs
  A meliai zombie (D:14)
  Prince Ribbit (D:6)
  5 bog bodies
  3 blink frogs (Lair:6)
  3 shadows
  A vampire (D:13)
  A centaur simulacrum (D:14)
  9 redbacks
  2 spriggans
  3 tarantellas
  A wyvern (D:10)
  34 yaks
  3 hungry ghosts
  3 wraiths
  14 vampire mosquitoes
  3 basilisks
  8 wargs
  13 insubstantial wisps
  A soldier ant (D:15)
  3 acid dragons
  12 swamp worms
  11 porcupines
  7 water moccasins
  4 swamp drakes
  6 sky beasts
  42 orc warriors
  A phantom (D:11)
  2 black bears
  4 ice beasts
  A tengu (D:15)
  2 necrophages
  27 ogres
  8 wolves
  8 centaurs
  14 crocodiles
  19 bullfrogs
  A wyvern zombie (D:13)
  4 big kobolds
  A gnoll sergeant (D:9)
  6 scorpions
  22 killer bees
  5 wights
  7 howler monkeys
  An electric eel (Lair:4)
  7 crimson imps
  A quasit (D:13)
  5 bullfrog skeletons
  7 hounds
  25 orc priests
  6 jellies
  25 orc wizards
  Crazy Yiuf (D:6)
  Jessica (D:2)
  3 centaur skeletons
  6 iguanas
  12 worker ants
  2 hound skeletons
  3 worker ant zombies
  21 gnolls
  2 howler monkey skeletons
  15 adders
  5 shadow imps
  3 white imps (IceCv)
  2 ufetubi (IceCv)
  3 oozes (D:7)
  2 adder skeletons
  7 worms
  5 dart slugs
  5 leopard geckos
  132 orcs
  8 bats
  11 giant cockroaches
  21 hobgoblins
  11 jackals
  30 kobolds
  4 quokkas
  5 ball pythons
  5 frilled lizards
  6 goblins
  A jackal skeleton (D:4)
  A leopard gecko zombie (D:7)
  2 quokka skeletons
  28 rats
  2 fungi (D:11)
  6 plants
1035 creatures vanquished.

Vanquished Creatures (others)
  5 white imps (IceCv)
  3 ufetubi (IceCv)
  2 orcs
  14 fungi
  9 plants
  9 toadstools (D:7)
42 creatures vanquished.

Grand Total: 1077 creatures vanquished

Notes
Turn   | Place    | Note
-------+----------+-------------------------------------------
     0 | D:1      | HurktheDwarf the Minotaur Fighter began the quest for the
                  | Orb.
     0 | D:1      | Reached XP level 1. HP: 19/19 MP: 0/0
    63 | D:1      | Reached skill level 3 in Long Blades
    68 | D:1      | Reached XP level 2. HP: 20/26 MP: 1/1
   531 | D:1      | Reached skill level 4 in Long Blades
   599 | D:1      | Reached XP level 3. HP: 27/31 MP: 2/2
  1070 | D:2      | Reached skill level 5 in Long Blades
  1157 | D:2      | Reached XP level 4. HP: 35/39 MP: 3/3
  1442 | D:2      | Reached skill level 6 in Long Blades
  1985 | D:2      | Noticed Jessica
  1993 | D:2      | Killed Jessica
  1993 | D:2      | Reached XP level 5. HP: 43/45 MP: 4/4
  2248 | D:3      | Reached skill level 7 in Long Blades
  2727 | D:3      | Reached XP level 6. HP: 41/51 MP: 5/5
  2794 | D:3      | Found a glowing silver altar of Zin.
  2857 | D:3      | Reached skill level 8 in Long Blades
  3915 | D:4      | Reached skill level 5 in Fighting
  3980 | D:4      | Identified the cursed +0 buckler of Resonance {SInv}
  3991 | D:4      | Reached XP level 7. HP: 61/62 MP: 6/6
  4618 | D:5      | Entered Level 5 of the Dungeon
  5665 | D:6      | Noticed Prince Ribbit
  5706 | D:6      | Killed Prince Ribbit
  5706 | D:6      | Reached skill level 5 in Armour
  5713 | D:6      | Reached XP level 8. HP: 56/73 MP: 7/7
  6050 | D:6      | Found a runed translucent door.
  6051 | D:6      | Noticed Crazy Yiuf
  6057 | D:6      | Killed Crazy Yiuf
  6493 | D:7      | Reached skill level 1 in Dodging
  6690 | D:7      | Found a hide-covered altar of Uskayaw.
  6791 | D:7      | Noticed a slime creature
  6791 | D:7      | Noticed a slime creature
  6791 | D:7      | Noticed a slime creature
  7174 | D:7      | Reached skill level 9 in Long Blades
  7370 | D:7      | Found a stormy altar of Qazlal.
  7373 | D:7      | Noticed an air elemental
  7461 | D:7      | Found a staircase to the Ecumenical Temple.
  7474 | Temple   | Entered the Ecumenical Temple
  7527 | Temple   | Became a worshipper of Warmaster Okawaru
  7830 | D:8      | Killed a slime creature
  7830 | D:8      | Reached skill level 10 in Long Blades
  7830 | D:8      | Reached XP level 9. HP: 57/79 MP: 8/8
  8157 | D:8      | Reached * piety under Okawaru
  8545 | D:8      | Reached skill level 11 in Long Blades
  9072 | D:9      | Reached skill level 1 in Invocations
  9116 | D:9      | Noticed a komodo dragon
  9130 | D:9      | Noticed a two-headed ogre
  9146 | D:9      | Killed a komodo dragon
  9146 | D:9      | Reached ** piety under Okawaru
  9155 | D:9      | Killed a two-headed ogre
  9155 | D:9      | Reached XP level 10. HP: 72/86 MP: 9/13
  9343 | D:9      | Reached skill level 1 in Bows
  9363 | D:9      | Reached *** piety under Okawaru
  9385 | D:9      | Paralysed by a hornet for 2 turns
  9956 | D:9      | Reached skill level 5 in Bows
 10269 | D:9      | Found a staircase to the Orcish Mines.
 10507 | D:10     | Entered Level 10 of the Dungeon
 10576 | D:10     | Found a runed translucent gate.
 10577 | D:10     | Found a runed translucent gate.
 10578 | D:10     | Found a runed translucent gate.
 10651 | D:10     | Identified 3 scrolls of acquirement
 10890 | D:10     | Noticed a gargoyle
 10920 | D:10     | Killed a gargoyle
 11084 | D:10     | Reached **** piety under Okawaru
 11486 | D:10     | Noticed azarias's ghost (journeyman HaHu)
 11486 | D:10     | Noticed a nine-headed hydra
 11487 | D:10     | Noticed a ten-headed hydra
 11520 | D:10     | Noticed Harold
 11536 | D:10     | Killed Harold
 11536 | D:10     | Received a gift from Okawaru
 11536 | D:10     | Reached skill level 10 in Armour
 11633 | D:10     | Reached XP level 11. HP: 85/94 MP: 14/14
 11856 | D:10     | Reached skill level 12 in Long Blades
 11888 | D:11     | Noticed a purple ugly thing
 12142 | D:10     | Killed a purple ugly thing
 12302 | D:10     | Reached skill level 13 in Long Blades
 12308 | D:10     | Reached ***** piety under Okawaru
 12860 | D:11     | Found a staircase to the Lair.
 13139 | D:11     | Reached skill level 14 in Long Blades
 13628 | Lair:1   | Entered Level 1 of the Lair of Beasts
 14282 | Lair:1   | Noticed a seven-headed hydra
 14457 | Lair:1   | Reached skill level 10 in Fighting
 14831 | D:11     | Found the +11 plutonium sword {*Contam Stlth-}
 14839 | D:11     | Got a transparent hat
 14845 | D:11     | Identified the +1 hat "Zotu" {Dex+7} (You acquired it on
                  | level 11 of the Dungeon)
 14931 | Lair:1   | Killed a four-headed hydra
 14931 | Lair:1   | Received a gift from Okawaru
 15346 | Lair:2   | Found an iron altar of Okawaru.
 15472 | Lair:2   | Found a hole to the Spider Nest.
 15485 | Lair:2   | Reached XP level 12. HP: 98/105 MP: 15/15
 15785 | Lair:2   | Noticed an eight-headed hydra
 15792 | Lair:2   | Killed a six-headed hydra
 16250 | Lair:3   | Noticed a seven-headed hydra
 16258 | Lair:3   | Killed a five-headed hydra
 16384 | Lair:3   | Reached skill level 10 in Bows
 16406 | Lair:3   | Found a staircase to the Swamp.
 17114 | Lair:4   | Noticed a seven-headed hydra
 17127 | Lair:4   | Killed a three-headed hydra
 17127 | Lair:4   | Reached ****** piety under Okawaru
 17150 | Lair:4   | Received a gift from Okawaru
 17151 | Lair:4   | Got a smoking robe {god gift}
 17162 | Lair:4   | Identified the +1 robe "Josiep" {Int+4 SInv} (Okawaru
                  | gifted it to you on level 4 of the Lair of Beasts)
 17649 | Lair:4   | Noticed a five-headed hydra
 17655 | Lair:4   | Killed a three-headed hydra
 18212 | Lair:5   | Noticed a four-headed hydra
 18219 | Lair:5   | Killed a two-headed hydra
 18378 | Lair:5   | Noticed a four-headed hydra
 18387 | Lair:5   | Killed a one-headed hydra
 18559 | Lair:5   | Found a viscous altar of Jiyva.
 18565 | Lair:5   | Found a staircase to the Slime Pits.
 18717 | Lair:6   | Entered Level 6 of the Lair of Beasts
 18793 | Lair:6   | Reached XP level 13. HP: 102/112 MP: 19/19
 18942 | Lair:6   | Reached skill level 10 in Invocations
 19402 | Lair:6   | Received a gift from Okawaru
 19572 | Lair:6   | Received a gift from Okawaru
 19586 | Lair:6   | Received a gift from Okawaru
 19757 | Lair:6   | Reached skill level 15 in Long Blades
 20060 | Lair:6   | Received a gift from Okawaru
 20317 | Lair:6   | Received a gift from Okawaru
 20381 | Lair:6   | Received a gift from Okawaru
 20437 | Lair:6   | Reached skill level 16 in Long Blades
 20568 | Lair:6   | Received a gift from Okawaru
 20576 | Lair:6   | Got an agate-encrusted plate armour {god gift}
 20588 | Lair:6   | Identified the +2 plate armour of Defence {+Inv rF+ Regen+
                  | Str-3} (Okawaru gifted it to you on level 6 of the Lair of
                  | Beasts)
 21289 | D:12     | Reached skill level 17 in Long Blades
 21505 | D:12     | Reached XP level 14. HP: 116/121 MP: 21/21
 21701 | D:12     | Found a roughly hewn altar of Beogh.
 22315 | Swamp:1  | Entered Level 1 of the Swamp
 22315 | Swamp:1  | Found a runed translucent gate.
 22315 | Swamp:1  | Found a runed translucent gate.
 22315 | Swamp:1  | Found a runed translucent gate.
 22367 | Swamp:1  | Noticed mortress's ghost (journeyman SpEn)
 22687 | Swamp:1  | Found a frozen archway.
 22698 | IceCv    | Entered an ice cave
 23476 | Swamp:1  | Reached skill level 18 in Long Blades
 24388 | Swamp:2  | Received a gift from Okawaru
 24658 | Swamp:2  | Reached skill level 19 in Long Blades
 24740 | Swamp:2  | Received a gift from Okawaru
 24909 | Swamp:2  | Received a gift from Okawaru
 24989 | Swamp:2  | Noticed Roxanne
 25083 | Swamp:2  | Received a gift from Okawaru
 25553 | Swamp:2  | Received a gift from Okawaru
 25820 | Swamp:3  | Received a gift from Okawaru
 25820 | Swamp:3  | Reached skill level 20 in Long Blades
 26591 | Swamp:3  | Noticed a cyan very ugly thing
 26599 | Swamp:3  | Killed a cyan very ugly thing
 26671 | Swamp:3  | Noticed Aizul
 27095 | Swamp:3  | Killed Aizul
 27290 | Swamp:3  | Reached XP level 15. HP: 94/126 MP: 22/22
 27533 | Swamp:3  | Received a gift from Okawaru
 27551 | Swamp:3  | Paralysed by a hornet for 3 turns
 27748 | Swamp:3  | Found a runed translucent door.
 27748 | Swamp:3  | Found a shimmering altar of Xom.
 27748 | Swamp:3  | Noticed MetaCosm's ghost (journeyman MiBe)
 28142 | Swamp:4  | Entered Level 4 of the Swamp
 28220 | Swamp:4  | Received a gift from Okawaru
 28311 | Swamp:4  | Reached skill level 5 in Dodging
 28852 | Swamp:4  | Paralysed by a hornet for 2 turns
 29265 | Swamp:4  | Got a decaying rune of Zot
 31163 | Orc:1    | Entered Level 1 of the Orcish Mines
 31163 | Orc:1    | Found Jopn's Antique Armour Emporium.
 31172 | Orc:1    | Received a gift from Okawaru
 31254 | Orc:1    | Found Xofist's General Store.
 31265 | Orc:1    | Bought a ration for 75 gold pieces
 31265 | Orc:1    | Bought 2 scrolls of blinking for 225 gold pieces
 31265 | Orc:1    | Bought a ration for 75 gold pieces
 31265 | Orc:1    | Bought a potion of curing for 45 gold pieces
 31265 | Orc:1    | Bought a scroll of identify for 30 gold pieces
 31352 | Orc:1    | You fall through a shaft!
 31352 | Orc:2    | Entered Level 2 of the Orcish Mines
 31396 | Orc:2    | Noticed an orc warlord
 31397 | Orc:2    | Found Unasing's Jewellery Emporium.
 31414 | Orc:2    | Bought an uncursed ring of see invisible for 210 gold
                  | pieces
 31437 | Orc:2    | Killed an orc warlord
 31596 | Orc:2    | Received a gift from Okawaru
 31935 | Orc:2    | Found Toacril's Antique Weapon Shoppe.
 31956 | Orc:2    | Found a roughly hewn altar of Beogh.
 32260 | Orc:2    | Noticed Snorg
 32280 | Orc:2    | Killed Snorg
 32648 | Orc:2    | Found a staircase to the Elven Halls.
 32716 | Orc:2    | Received a gift from Okawaru
 33090 | Orc:1    | Found Eful's Weapon Shop.
 33438 | Orc:2    | Found a roughly hewn altar of Beogh.
 33468 | Orc:2    | Reached XP level 16. HP: 136/141 MP: 23/23
 33504 | Orc:2    | Found Cenio's Book Emporium.
 33527 | Orc:2    | Found Baduurru's Jewellery Shoppe.
 33543 | Orc:2    | Bought an uncursed ring of poison resistance for 220 gold
                  | pieces
 34187 | Spider:1 | Entered Level 1 of the Spider Nest
 34193 | Spider:1 | Received a gift from Okawaru
 34220 | Spider:1 | Noticed Louise
 34244 | Spider:1 | Killed Louise
 34782 | Lair:2   | Reached skill level 21 in Long Blades
 35109 | D:14     | Received a gift from Okawaru
 35123 | D:14     | Got a dazzling plate armour {god gift}
 35139 | D:14     | Identified the +1 plate armour "Qiumaiw" {*Slow MP+9 Dex-5
                  | SInv} (Okawaru gifted it to you on level 14 of the Dungeon)
 35213 | D:14     | Found a flagged portal.
 35222 | Bailey   | Entered a bailey
 36127 | D:14     | Found a gate to the Vaults.
 36369 | D:15     | Entered Level 15 of the Dungeon
 36387 | D:15     | Gained mutation: Armour fits poorly on your strangely
                  | shaped body. [a neqoxec]
 36427 | D:15     | Noticed Rupert
 36460 | D:15     | Killed Rupert
 36460 | D:15     | Reached skill level 22 in Long Blades
 36795 | D:15     | Received a gift from Okawaru
 37089 | D:15     | Noticed Jorgrun
 37096 | D:15     | Gained mutation: You are clumsy. (Dex -2) [mutagenic glow]
 37115 | D:15     | Killed Jorgrun
 37301 | D:15     | Found a staircase to the Depths.
 37489 | Vaults:1 | Entered Level 1 of the Vaults
 37489 | Vaults:1 | Found an iron altar of Okawaru.
 37826 | Vaults:1 | Paralysed by an orc sorcerer for 2 turns
 37955 | Vaults:1 | Noticed a titan
 37960 | Vaults:1 | Killed a titan
 37960 | Vaults:1 | Received a gift from Okawaru
 37960 | Vaults:1 | Reached skill level 23 in Long Blades
 37975 | Vaults:1 | Reached XP level 17. HP: 69/148 MP: 16/24
 37992 | Vaults:1 | Gained mutation: You tend to lose your temper in combat.
                  | [mutagenic glow]
 38503 | Depths:1 | Entered Level 1 of the Depths
 38656 | Vaults:1 | Noticed an Ice Fiend
 38666 | D:14     | Noticed an Ice Fiend
 38669 | D:14     | Slain by an Ice Fiend

Skill      XL: |  1  2  3  4  5  6  7  8  9 10 11 12 13 14 15 16 |
---------------+-------------------------------------------------+-----
Long Blades    | 3 4 5 6 7 8 10 11 14 17 20 23 | 23.2
Fighting       | 5 7 8 10 12 | 12.7
Armour         | 5 7 10 11 12 14 | 14.3
Dodging        | 4 7 |  7.2
Invocations    | 6 9 11 | 11.0
Bows           | 6 7 11 | 11.5
Shields        | |  3.6

Action                   |  1- 3 |  4- 6 |  7- 9 | 10-12 | 13-15 | 16-18 || total
-------------------------+-------+-------+-------+-------+-------+-------++-------
Melee: Long sword        |    74 |   205 |   297 |    47 |       |       ||   623
       Headbutt          |     7 |    33 |    71 |   216 |   400 |   123 ||   850
       Scimitar          |       |       |       |   393 |       |       ||   393
       Great sword       |       |       |       |   230 |   379 |       ||   609
       Triple sword      |       |       |       |    28 |   753 |   413 ||  1194
 Fire: Shortbow          |       |       |       |    12 |    34 |       ||    46
       Longbow           |       |       |       |       |    27 |    16 ||    43
Invok: Heroism           |       |       |     1 |     3 |     7 |     2 ||    13
       Finesse           |       |       |       |       |     2 |     1 ||     3
  Use: Scroll            |       |       |    10 |    11 |    18 |     7 ||    46
       Potion            |       |       |     1 |       |    13 |     6 ||    20
 Stab: Petrified         |       |       |       |       |     4 |       ||     4
  Eat: Chunk             |     1 |     9 |    16 |    27 |    34 |    12 ||    99
       Ration            |       |       |       |     3 |     5 |     2 ||    10
Armor: Scale mail        |    38 |    76 |    94 |     8 |       |       ||   216
       Plate armour      |       |       |       |   410 |   745 |   319 ||  1474
Dodge: Dodged            |    24 |    62 |   154 |   335 |   799 |   286 ||  1660
Block: Shield            |    40 |   113 |   149 |   221 |       |       ||   523
       Rpst.: Long sword |     7 |    24 |    37 |     3 |       |       ||    71
       Scimitar          |       |       |       |    46 |       |       ||    46
       Great sword       |       |       |       |    27 |    38 |       ||    65
       Triple sword      |       |       |       |       |   124 |    35 ||   159
